 Dungeon Crawl Stone Soup version 0.18-a0-1748-g7377c14 (webtiles) character file.

35 nono the Sneak (level 3, 0/16 HPs)
             Began as a Vine Stalker Enchanter on Apr 12, 2016.
             Succumbed to an adder's poison
             ... on level 2 of the Dungeon.
             The game lasted 00:02:31 (483 turns).

nono the Sneak (Vine Stalker Enchanter)              Turns: 483, Time: 00:02:31

Health: 0/16       AC:  3    Str: 10    XL:     3   Next: 35%
Magic:  0/7        EV: 12    Int: 16    God:
Gold:   37         SH:  0    Dex: 14    Spells: 3 memorised, 1 level left

rFire  . . .     SeeInvis .     a - +1 dagger
rCold  . . .     Gourm    .     b - +1 robe
rNeg   . . .     Faith    .     (no shield)
rPois  .         Spirit   +     (no helmet)
rElec  .         Dismiss  .     (no cloak)
rCorr  .         Reflect  .     (no gloves)
SustAt .         Harm     .     (no boots)
MR     .....                    (no amulet)
Stlth  +++.......               (no ring)
                                (no ring)

@: lethally poisoned (0 -> -6), not resistant to hostile enchantments, fairly
stealthy
A: fangs 2, regeneration 1, magic shield, antimagic bite, no device heal 3, rot
immunity
a: no special abilities


You were on level 2 of the Dungeon.
You were not hungry.

You visited 1 branch of the dungeon, and saw 2 of its levels.

You collected 37 gold pieces.

Inventory:

Hand Weapons
 a - a +1 dagger (weapon)
Armour
 b - a +1 robe (worn)
Scrolls
 f - a scroll of teleportation {unknown}
 g - a scroll of fear {unknown}
Potions
 e - 2 potions of brilliance {unknown}
 h - a potion of cure mutation {unknown}
Books
 c - a book of Maledictions

   Spells                             Type                      Level
   a - Corona                         Hexes                        1
   b - Ensorcelled Hibernation        Hexes/Ice                    2
   c - Confuse                        Hexes                        3
   d - Tukima's Dance                 Hexes                        3
   e - Dazzling Spray                 Conjuration/Hexes            3
Comestibles
 d - a bread ration


   Skills:
 + Level 1.7 Short Blades
 - Level 1.5 Dodging
 + Level 4.1 Stealth
 + Level 2.5 Spellcasting
 + Level 3.2 Hexes


You had one spell level left.
You knew the following spells:

 Your Spells              Type           Power        Failure   Level  Hunger
a - Ensorcelled Hibernat  Hex/Ice        #.....       17%         2    ##.....
q - Corona                Hex            ##.....      8%          1    #......
x - Confuse               Hex            ##......     17%         3    ###....


Dungeon Overview and Level Annotations

Branches:
Dungeon (2/15)

Altars:
Elyvilon
Okawaru


Innate Abilities, Weirdness & Mutations

You have extremely sharp teeth.
Your natural rate of healing is unusually fast.
When hurt, damage is shared between your health and your magic reserves.
Your bite disrupts and absorbs the magic of your enemies.
Potions and wands cannot restore your health.
You are immune to rotting.


Message History

Aim: an adder (chance to defeat MR: 48%)
The adder resists with some effort.
* * * LOW HITPOINT WARNING * * *
You feel sick. The adder bites you.
* * * LOW HITPOINT WARNING * * *
You closely miss the adder. You bite the adder. You drain its power.
You feel invigorated.
The adder is lightly wounded.
* * * LOW HITPOINT WARNING * * *
You feel sick. The adder bites you.
* * * LOW HITPOINT WARNING * * *
You are more poisoned.
The adder poisons you!
* * * LOW HITPOINT WARNING * * *
You feel sick. The adder bites you but does no damage.
Unknown command.
Unknown command.
You hit the adder.
The adder is moderately wounded.
You die...

....# #..#....###.#
....# #...###.#
....# #...# #.#
....# ###...###.#
##### #...>...#.# #
###.##.##.#.#
#......##.#.#
#.#.#..##.#.#
#.#.#...@S#.#
#.#.#.......#
#.#.#########
#.#>########
#...........
###########.########
............#
#############


You could see an adder.

Vanquished Creatures
  An adder (D:2)
  A worm (D:2)
  A dart slug (D:2)
  4 giant cockroaches
  3 goblins
  A bat (D:2)
  2 giant newts (D:2)
  5 kobolds
  6 rats
24 creatures vanquished.

Notes
Turn   | Place    | Note
--------------------------------------------------------------
     0 | D:1      | nono the Vine Stalker Enchanter began the quest for the Orb.
     0 | D:1      | Reached XP level 1. HP: 9/9 MP: 4/4
     7 | D:1      | Reached skill level 1 in Short Blades
    87 | D:1      | Reached XP level 2. HP: 13/13 MP: 6/6
    91 | D:1      | Learned a level 2 spell: Ensorcelled Hibernation
   176 | D:1      | You fall through a shaft!
   192 | D:2      | Reached skill level 4 in Stealth
   218 | D:2      | Found an iron altar of Okawaru.
   219 | D:2      | Found a white marble altar of Elyvilon.
   300 | D:2      | Reached XP level 3. HP: 16/16 MP: 7/7
   312 | D:2      | Learned a level 3 spell: Confuse
   483 | D:2      | Succumbed to an adder's poison

Vault maps used:
D:1:      dpeg_arrival_prison, hangedman_abyss_or_decor_stabs, minivault_14
D:2:      gammafunk_temple_overflow_statue,
          nicolae_dithmenos_through_a_glass_darkly

Skill      XL: |  1  2 |
---------------+-------+-----
Short Blades   | 1 |  1.7
Stealth        | 4 |  4.1
Dodging        | |  1.5
Spellcasting   | |  2.5
Hexes          | |  3.2

Action                   || total
-------------------------++-------
Melee: Dagger            ||    67
       Bite              ||     8
 Cast: Corona            ||     2
       Ensorcelled Hiber ||     4
       Confuse           ||     3
 Stab: Sleeping          ||     8
       Confused          ||     2
Armor: Robe              ||    12
Dodge: Dodged            ||    45
